 Dungeon Crawl Stone Soup version 0.29.0-4-gdea44cf6ec (webtiles) character file.

Game seed: 12089286699808447141

149 qw the Sneak (level 5, -10/32 HPs)
             Began as a Gargoyle Delver on Sept 10, 2022.
             Blown up by a gnoll (19 damage)
             ... with a mindburst bolt
             ... on level 4 of the Dungeon.
             The game lasted 00:01:37 (4548 turns).

qw the Sneak (Gargoyle Delver)                      Turns: 4548, Time: 00:01:38

Health: -10/32     AC: 14    Str: 18    XL:     5   Next: 31%
Magic:  5/5        EV:  7    Int: 10    God:
Gold:   84         SH:  0    Dex: 11    Spells: 4/4 levels left

rFire   . . .      SeeInvis .   Y - +0 war axe
rCold   . . .      Faith    .   (no shield)
rNeg    + . .      Spirit   .   a - +0 chain mail
rPois   inf        Reflect  .   e - +0 helmet
rElec   +          Harm     .   (no cloak)
rCorr   .          Rampage  .   (no gloves)
Will    .....                   (no boots)
Stlth   ..........              (no amulet)
HPRegen 0.10/turn               (no ring)
MPRegen 0.09/turn               (no ring)

@: no status effects
A: sickness immunity, AC +4, negative energy resistance 1, electricity
resistance, torment resistance 1, petrification resistance
a: no special abilities


You were on level 4 of the Dungeon.
You visited 2 branches of the dungeon, and saw 6 of its levels.

You collected 129 gold pieces.
You spent 45 gold pieces at shops.


Innate Abilities, Weirdness & Mutations

You are immune to sickness and miasma.
Your stone body is resilient. (AC +4)
You are immune to poison.
You resist negative energy. (rN+)
You are resistant to electric shocks. (rElec)
You are resistant to unholy torment.
You are immune to petrification.


   Skills:
 - Level 3.2 Fighting
 + Level 4.2 Axes
 - Level 2.6 Armour
 - Level 1.5 Dodging
 - Level 5.4 Stealth


You had 4 spell levels left.
You didn't know any spells.
Your spell library was empty.

Inventory:

Hand Weapons
 d - a +0 whip
 Y - a +0 war axe (weapon)
Armour
 a - a +0 chain mail (worn)
 e - a +0 helmet (worn)
Wands
 g - a wand of digging (3)
Scrolls
 k - a scroll of identify
Potions
 c - a potion of curing
 f - a potion of haste
 h - a potion of cancellation
 i - a potion of attraction {unknown}
 j - a potion of mutation {unknown}
 o - a potion of lignification {unknown}

Dungeon Overview and Level Annotations

Branches:
Dungeon (5/15)             Temple (1/1) D:4

Altars:
Ashenzari
Elyvilon
Fedhas
Gozag
Hepliaklqana
Kikubaaqudgha
Makhleb
Nemelex Xobeh
Sif Muna
Trog
Uskayaw
Vehumet
Wu Jian
Xom
Yredelemnul
Zin
The Shining One

Shops:
D:3 [   D:5 *


Message History

The jelly is almost dead.
The jelly completely misses you. The jelly hits you but does no damage.
You completely miss the jelly.
The jelly is almost dead.
The jelly hits you but does no damage.
You hit the jelly.
You kill the jelly!
Your Armour skill increases to level 2!
You have reached level 5!
You start resting.
You are no longer corroded.
HP restored.
There is an open door here.
A gnoll is nearby!
Enter note:
4538 ||| Stepping ~*~*~tactically~*~*~ (stealth).
The gnoll barely misses you.
The gnoll shouts!
You hear a shout!
The gnoll hits you with a +0 spear.
You slash the gnoll!
The gnoll is severely wounded.
The gnoll hits you with a +0 spear.
You closely miss the gnoll.
The gnoll is severely wounded.
The gnoll hits you with a +0 spear.
The gnoll zaps a wand.
You barely resist. You slash the gnoll!
You kill the gnoll!
The gnoll zaps a wand.
You barely resist.
The gnoll hits you from afar with a +0 halberd.
The gnoll barely misses you. The gnoll hits you with a +0 halberd!
The gnoll hits you but does no damage.
There is an open door here.
You completely miss the gnoll. You hit the gnoll.
The gnoll hits you but does no damage. x2
You barely miss the gnoll.
The gnoll is lightly wounded.
You hit the gnoll but do no damage. The gnoll hits you with a +0 spear.
The gnoll barely misses you.
The gnoll zaps a wand.
Your mind is blasted!
Ouch! That really hurt!
You die...

.$.g..##.#.######.#........
...g..%..#.# #.#........
####....<#.######.#........
#..####.....##+#........
..............'...........
..... #####....#...........
..... #....#...........
......#.###.)..####........
.........g@....# #........
......g#....# #######..
.......#....# ..
.......#......#
.......###....# .......
...... ##..... ......
#..... ##..


You could see 2 gnolls.

Vanquished Creatures
  A jelly (D:4)
  A gnoll (D:4)
  4 adders
  2 worms
  3 dart slugs
  10 bats
  2 endoplasms
  2 giant cockroaches
  3 goblins
  5 hobgoblins
  4 jackals (D:1)
  3 quokkas
  7 ball pythons
  3 frilled lizards (D:1)
  5 kobolds
  6 rats
61 creatures vanquished.

Vanquished Creatures (others)
  An adder (D:3)
  A bat (D:3)
  An endoplasm (D:3)
  11 plants (D:1)
14 creatures vanquished.

Grand Total: 75 creatures vanquished

Notes
Turn   | Place    | Note
-------+----------+-------------------------------------------
     0 | D:5      | qw the Gargoyle Delver began the quest for the Orb.
     0 | D:5      | Reached XP level 1. HP: 14/14 MP: 1/1
     0 | D:5      | 0 ||| qw: Version: 0.1-a-116-g5d60599
     0 | D:5      | 0 ||| qw: Game counter: 8032
     0 | D:5      | 0 ||| qw: Always use a shield: true
     0 | D:5      | 0 ||| qw: God list: Okawaru
     0 | D:5      | 0 ||| qw: Allow faded altars: false
     0 | D:5      | 0 ||| qw: Do Orc after D:15 true
     0 | D:5      | 0 ||| qw: Do second Lair branch before Depths: true
     0 | D:5      | 0 ||| qw: Lair rune preference: random
     0 | D:5      | 0 ||| qw: Plans: Normal
     0 | D:5      | 0 ||| PLANNING D:1-11
    29 | D:5      | Found Apse's Gadget Gallery.
    53 | D:5      | Reached XP level 2. HP: 17/19 MP: 2/2
    74 | D:5      | 74 ||| DROPPING scroll of fog.
    75 | D:5      | 75 ||| DROPPING scroll of magic mapping.
    76 | D:5      | 76 ||| DROPPING scroll of fear.
    88 | D:4      | 88 ||| Stepping ~*~*~tactically~*~*~ (hiding).
   190 | D:4      | 190 ||| Stepping ~*~*~tactically~*~*~ (hiding).
   200 | D:4      | 200 ||| FLEEEEING.
   201 | D:4      | 201 ||| STAIRDANCE
   420 | D:3      | 420 ||| Stepping ~*~*~tactically~*~*~ (stealth).
   524 | D:3      | 524 ||| READING scroll labelled EHEIDE MOSO.
   716 | D:2      | 716 ||| READING scroll labelled SUGIGH FIGHALO.
   766 | D:1      | Reached skill level 3 in Axes
   794 | D:1      | 794 ||| Stepping ~*~*~tactically~*~*~ (stealth).
   796 | D:1      | 796 ||| Stepping ~*~*~tactically~*~*~ (stealth).
   799 | D:1      | 799 ||| Stepping ~*~*~tactically~*~*~ (stealth).
   801 | D:1      | 801 ||| Stepping ~*~*~tactically~*~*~ (stealth).
   802 | D:1      | 802 ||| Stepping ~*~*~tactically~*~*~ (stealth).
   803 | D:1      | 803 ||| Stepping ~*~*~tactically~*~*~ (stealth).
   831 | D:1      | Reached XP level 3. HP: 23/23 MP: 3/3
   876 | D:1      | 876 ||| Stepping ~*~*~tactically~*~*~ (stealth).
   881 | D:1      | 881 ||| Stepping ~*~*~tactically~*~*~ (stealth).
   883 | D:1      | 883 ||| Stepping ~*~*~tactically~*~*~ (stealth).
   887 | D:1      | 887 ||| Stepping ~*~*~tactically~*~*~ (stealth).
   899 | D:1      | 899 ||| Stepping ~*~*~tactically~*~*~ (stealth).
   903 | D:1      | 903 ||| Stepping ~*~*~tactically~*~*~ (stealth).
   905 | D:1      | 905 ||| Stepping ~*~*~tactically~*~*~ (stealth).
   907 | D:1      | 907 ||| Stepping ~*~*~tactically~*~*~ (stealth).
   912 | D:1      | 912 ||| Stepping ~*~*~tactically~*~*~ (stealth).
  1037 | D:1      | 1037 ||| Stepping ~*~*~tactically~*~*~ (stealth).
  1038 | D:1      | 1038 ||| Stepping ~*~*~tactically~*~*~ (stealth).
  1039 | D:1      | 1039 ||| Stepping ~*~*~tactically~*~*~ (stealth).
  1041 | D:1      | 1041 ||| Stepping ~*~*~tactically~*~*~ (stealth).
  1044 | D:1      | 1044 ||| Stepping ~*~*~tactically~*~*~ (stealth).
  1335 | D:1      | 1335 ||| Stepping ~*~*~tactically~*~*~ (stealth).
  1336 | D:1      | 1336 ||| Stepping ~*~*~tactically~*~*~ (stealth).
  1597 | D:1      | 1597 ||| Stepping ~*~*~tactically~*~*~ (stealth).
  1598 | D:1      | 1598 ||| Stepping ~*~*~tactically~*~*~ (stealth).
  1602 | D:1      | 1602 ||| Stepping ~*~*~tactically~*~*~ (stealth).
  1707 | D:1      | 1707 ||| Stepping ~*~*~tactically~*~*~ (stealth).
  1772 | D:1      | Found a faded altar of an unknown god.
  1809 | D:1      | 1809 ||| UPGRADING to +0 ring mail.
  1819 | D:1      | 1819 ||| DROPPING +0 leather armour.
  1820 | D:1      | 1820 ||| UPGRADING to +0 helmet.
  1825 | D:1      | 1825 ||| UPGRADING to +0 scale mail.
  1835 | D:1      | 1835 ||| DROPPING +0 ring mail.
  1836 | D:1      | 1836 ||| Stepping ~*~*~tactically~*~*~ (stealth).
  1837 | D:1      | 1837 ||| READING scroll labelled BIURISS YBLUBB.
  1842 | D:1      | 1842 ||| READING scroll labelled OPTOHECS WIFO.
  1843 | D:1      | 1843 ||| DRINKING 2 metallic grey potions.
  1983 | D:2      | 1983 ||| Stepping ~*~*~tactically~*~*~ (stealth).
  2050 | D:2      | Reached skill level 1 in Armour
  2079 | D:2      | Reached XP level 4. HP: 28/28 MP: 4/4
  2145 | D:2      | 2145 ||| SWAPPING to +0 war axe.
  2146 | D:2      | 2146 ||| DROPPING +0 hand axe.
  2322 | D:2      | 2322 ||| Stepping ~*~*~tactically~*~*~ (stealth).
  2323 | D:2      | 2323 ||| Stepping ~*~*~tactically~*~*~ (stealth).
  2419 | D:2      | Identified the +6 long sword "Sicaduy" {speed, Drain Dex+6}
  2775 | D:2      | 2775 ||| DROPPING orb of energy.
  2776 | D:2      | 2776 ||| READING scroll labelled MUROES MOTA.
  2794 | D:3      | Found Bigapier's Armour Boutique.
  2810 | D:3      | 2810 ||| BUYING +0 chain mail (45 gold).
  2810 | D:3      | Bought a +0 chain mail for 45 gold pieces
  2810 | D:3      | 2810 ||| SHOPLISTING +1 pair of boots of rampaging (165
                  | gold, have 29).
  2862 | D:3      | 2862 ||| Stepping ~*~*~tactically~*~*~ (stealth).
  3057 | D:3      | 3057 ||| Stepping ~*~*~tactically~*~*~ (stealth).
  3059 | D:3      | 3059 ||| Stepping ~*~*~tactically~*~*~ (stealth).
  3378 | D:3      | 3378 ||| Stepping ~*~*~tactically~*~*~ (stealth).
  3388 | D:3      | 3388 ||| Stepping ~*~*~tactically~*~*~ (stealth).
  3389 | D:3      | 3389 ||| Stepping ~*~*~tactically~*~*~ (stealth).
  3516 | D:3      | 3516 ||| Stepping ~*~*~tactically~*~*~ (hiding).
  3618 | D:3      | 3618 ||| Stepping ~*~*~tactically~*~*~ (hiding).
  3720 | D:3      | 3720 ||| Stepping ~*~*~tactically~*~*~ (hiding).
  4046 | D:3      | 4046 ||| UPGRADING to +0 chain mail.
  4056 | D:3      | 4056 ||| DROPPING +0 scale mail.
  4057 | D:3      | 4057 ||| READING scroll labelled DOONTIEHUD.
  4058 | D:3      | 4058 ||| READING scroll labelled MYOGUA VICZE.
  4159 | D:3      | 4159 ||| READING 2 scrolls of identify.
  4159 | D:3      | 4159 ||| IDENTIFYING fuming dark potion
  4350 | D:4      | Found a staircase to the Ecumenical Temple.
  4351 | D:4      | 4351 ||| PLANNING TEMPLE
  4351 | D:4      | 4351 ||| DRINKING 2 silvery potions.
  4352 | D:4      | 4352 ||| DROPPING potion of brilliance.
  4370 | Temple   | Entered the Ecumenical Temple
  4370 | Temple   | Found a transporter.
  4370 | Temple   | Found a transporter.
  4372 | Temple   | Found a transporter.
  4372 | Temple   | Found a transporter.
  4382 | Temple   | 4382 ||| PLANNING D:1-11
  4468 | D:4      | Reached XP level 5. HP: 25/32 MP: 5/5
  4538 | D:4      | 4538 ||| Stepping ~*~*~tactically~*~*~ (stealth).
  4548 | D:4      | Blown up by a gnoll

Levels and vault maps discovered:
D:1:      eino_arrival_water_cross, layout_loops_ring,
          hellmonk_ecumenical_altar_inner_sanctum
D:2:      layout_loops_corners, kennysheep_generic_room_6
D:3:      layout_loops_corners, serial_shops, shop, lemuel_flame_loot_1
D:4:      layout_basic, minmay_temple_entry_statues_pillars
D:5:      layout_gridville, nicolae_shop_gadgets, uniq_grinder, uniq_menkaure
Temple:   hellmonk_temple_divided_pantheon

Skill      XL: |  1  2  3  4 |
---------------+-------------+-----
Axes           | 2 3 4 |  4.2
Armour         | 1 2 |  2.6
Fighting       | |  3.2
Dodging        | |  1.5
Stealth        | |  5.4

Action                   |  1- 3 |  4- 6 || total
-------------------------+-------+-------++-------
Melee: Hand axe          |   129 |     2 ||   131
       Punch             |     2 |     2 ||     4
       War axe           |       |    60 ||    60
  Use: Scroll            |     4 |     4 ||     8
       Potion            |     1 |     1 ||     2
 Stab: Sleeping          |     4 |     1 ||     5
       Distracted        |     1 |       ||     1
Armor: Leather armour    |    37 |       ||    37
       Scale mail        |    10 |    10 ||    20
       Chain mail        |       |    16 ||    16
Dodge: Dodged            |    75 |    34 ||   109

Table legend:
 A = Non-vault XP
 B = Vault XP
 C = Vault XP percentage of total XP
 D = Non-vault monster count
 E = Vault monster count
 F = Vault count percentage of total count
                 A         B        C        D         E       F
            +---------+---------+-------+---------+---------+-------
      Total |     210 |       4 |   1.9 |      58 |       3 |   4.9
            +---------+---------+-------+---------+---------+-------
        D:1 |      42 |       0 |   0.0 |      26 |       0 |   0.0
        D:2 |      32 |       4 |  11.1 |      11 |       3 |  21.4
        D:3 |      37 |       0 |   0.0 |      13 |       0 |   0.0
        D:4 |      86 |       0 |   0.0 |       7 |       0 |   0.0
        D:5 |      13 |       0 |   0.0 |       1 |       0 |   0.0
            +---------+---------+-------+---------+---------+-------
